 Dungeon Crawl Stone Soup version 0.28.0-49-g6dfe1f597d (webtiles) character file.

Game seed: 10219168738278919557

1631 issech the Cudgeller (level 8, -4/79 HPs)
             Began as a Troll Monk on May 13, 2022.
             Slain by a two-headed ogre
             ... wielding a +0 dire flail
              (13 damage)
             ... on level 6 of the Dungeon.
             The game lasted 00:17:13 (4678 turns).

issech the Cudgeller (Troll Monk)                   Turns: 4678, Time: 00:17:14

Health: -4/79      AC:  9    Str: 20    XL:     8   Next: 65%
Magic:  7/7        EV: 11    Int:  6    God:
Gold:   280        SH:  0    Dex: 14    Spells: 7/7 levels left

rFire   . . .      SeeInvis .   E - +2 flail (drain)
rCold   . . .      Faith    .   (no shield)
rNeg    . . .      Spirit   .   c - +1 robe {Will+}
rPois   .          Reflect  .   (helmet restricted)
rElec   .          Harm     .   (no cloak)
rCorr   .          Rampage  .   (gloves unavailable)
Will    +....                   (boots unavailable)
Stlth   ++........              (no amulet)
HPRegen 1.03/turn               r - +4 ring of protection
MPRegen 0.10/turn               (no ring)

@: no status effects
A: large, unfitting armour, claws 3, regeneration 1, shaggy fur 1, tough skin 1
a: no special abilities


You were on level 6 of the Dungeon.
You visited 1 branch of the dungeon, and saw 6 of its levels.
You also visited: Sewer.

You collected 280 gold pieces.

Inventory:

Hand Weapons
 a - a +0 mace
 j - a +2 dagger of pain
 w - a +0 giant club
 x - the +2 hand axe "Ophoriad" {elec, Int+4}
   (You found it in a sewer)

   It occasionally discharges a powerful burst of electricity upon striking a
   foe.
   Int:       It affects your intelligence (+4).
 y - a +1 hunting sling of flaming
 C - a +2 short sword of draining
 D - a +0 whip of venom
 E - a +2 flail of draining (weapon)
Missiles
 e - 59 sling bullets
 g - 143 stones
 o - 12 bolts
 u - 15 arrows
 B - 3 poisoned darts
 G - a javelin (quivered)
Armour
 b - a +0 robe
 c - a +1 robe of willpower (worn)
Jewellery
 r - a +4 ring of protection (left claw)
Wands
 F - a wand of iceblast (2)
 I - a wand of charming (5)
Scrolls
 f - a scroll of noise {unknown}
 h - a scroll of magic mapping {unknown}
 i - 4 scrolls of teleportation {unknown}
 m - 2 scrolls of immolation {unknown}
 n - 3 scrolls of fog {unknown}
 p - a scroll of fear {unknown}
 q - a scroll of summoning {unknown}
 s - a scroll of amnesia {unknown}
 t - 2 scrolls of enchant weapon {unknown}
 v - a scroll of blinking
 A - a scroll of identify {unknown}
Potions
 d - a potion of lignification {unknown}
 k - a potion of degeneration {unknown}
 l - 3 potions of heal wounds {unknown}
 z - a potion of mutation {unknown}
 H - a potion of berserk rage {unknown}
 J - a potion of brilliance {unknown}


   Skills:
 + Level 4.6 Fighting
 + Level 1.2(4.1) Axes
 + Level 6.9(7.0) Maces & Flails
 + Level 2.2 Throwing
 + Level 5.1 Dodging
 + Level 2.0 Stealth


You had 7 spell levels left.
You didn't know any spells.
Your spell library contained the following spells:

 Spells                   Type           Power      Damage    Failure   Level
 Dazzling Flash           Conj/Hex       0%         N/A       83%         3
 Iskenderun's Mystic Bla  Conj/Tloc      0%         2d3       99%         4
 Passage of Golubria      Tloc           0%         N/A       99%         4
 Agony                    Necr           0%         N/A       100%        5
 Silence                  Hex/Air        0%         N/A       100%        5
 Disjunction              Tloc           0%         N/A       100%        8


Dungeon Overview and Level Annotations

Branches:
Dungeon (6/15)              Sewer (visited)
 Temple: D:4-7

Altars:

Shops:
D:5 *


Innate Abilities, Weirdness & Mutations

You are too large for most types of armour.
You have claws for hands.
Your natural rate of healing is unusually fast.
You are covered in fur. (AC +1)
You have tough skin. (AC +1)


Message History

A two-headed ogre comes into view.
It is wielding a +0 dire flail and a +0 giant club.
You hit the steam dragon but do no damage.
You drain the steam dragon.
The steam dragon is lightly wounded.
The steam dragon breathes steam at you. The ball of steam misses you.
You hit the steam dragon but do no damage.
You drain the steam dragon.
The steam dragon is lightly wounded.
You are engulfed in a cloud of scalding steam.
The steam dragon bites you but does no damage.
The steam dragon barely misses you.
You sock the steam dragon!
The steam dragon is heavily wounded.
You are engulfed in a cloud of scalding steam.
You barely miss the two-headed ogre.
You are engulfed in a cloud of scalding steam.
You barely miss the two-headed ogre.
The two-headed ogre hits you with a +0 dire flail!
The two-headed ogre hits you with a +0 giant club!
You sock the two-headed ogre!
The two-headed ogre is lightly wounded.
The two-headed ogre hits you with a +0 dire flail!
The two-headed ogre barely misses you.
You hit the two-headed ogre. You drain the two-headed ogre.
The two-headed ogre is moderately wounded.
The two-headed ogre closely misses you.
The two-headed ogre hits you with a +0 giant club!!
* * * LOW HITPOINT WARNING * * *
You sock the two-headed ogre! You drain the two-headed ogre.
The two-headed ogre is heavily wounded.
You hit the two-headed ogre.
The two-headed ogre is heavily wounded.
The two-headed ogre hits you with a +0 dire flail!
* * * LOW HITPOINT WARNING * * *
The two-headed ogre barely misses you.
You hit the two-headed ogre. You drain the two-headed ogre.
The two-headed ogre is severely wounded.
The two-headed ogre hits you with a +0 dire flail!
You die...

###############
##
#..DO@......#.#
..
#.####.#.#..#.#
.# #..#[#.#.# .#
#........####.###
########.†.......
####......
#.....## #...###
##...#


You could see a two-headed ogre (drained) and a steam dragon (drained).

Vanquished Creatures
  Sigmund (D:2)
  Edmund (D:5)
  A water moccasin (D:5)
  A sky beast (D:5)
  A black bear (D:6)
  A necrophage (D:5)
  An ogre (D:5)
  A phantom (D:5)
  Blork the orc (D:5)
  2 bullfrogs (Sewer)
  3 scorpions
  2 hounds
  A human zombie (D:5)
  An iguana (D:5)
  3 orc wizards
  A hound skeleton (D:5)
  A gnoll (D:2)
  11 adders
  4 worms
  A dart slug (D:1)
  18 orcs
  7 bats
  2 endoplasms
  15 giant cockroaches
  6 goblins
  8 hobgoblins
  9 jackals
  9 quokkas
  8 ball pythons
  15 frilled lizards
  8 kobolds
  A kobold zombie (D:5)
  2 rats
147 creatures vanquished.

Vanquished Creatures (others)
  A fungus (D:1)
  2 plants (D:1)
3 creatures vanquished.

Grand Total: 150 creatures vanquished

Notes
Turn   | Place    | Note
-------+----------+-------------------------------------------
     0 | D:1      | issech the Troll Monk began the quest for the Orb.
     0 | D:1      | Reached XP level 1. HP: 22/22 MP: 0/0
   285 | D:1      | Reached XP level 2. HP: 25/29 MP: 1/1
   290 | D:1      | Reached skill level 3 in Maces & Flails
   312 | D:1      | Found a faded altar of an unknown god.
   747 | D:2      | Reached XP level 3. HP: 36/36 MP: 2/2
   994 | D:2      | Reached XP level 4. HP: 44/44 MP: 3/3
  1126 | D:2      | Noticed Sigmund
  1146 | D:2      | Killed Sigmund
  1147 | D:2      | Reached skill level 4 in Maces & Flails
  1147 | D:2      | Reached skill level 1 in Throwing
  1147 | D:2      | Reached XP level 5. HP: 53/53 MP: 4/4
  1795 | D:3      | Found a glowing drain.
  1812 | D:3      | Reached XP level 6. HP: 57/61 MP: 5/5
  1825 | Sewer    | Entered a sewer
  2167 | Sewer    | Identified the +2 hand axe "Ophoriad" {elec, Int+4}
  2881 | D:4      | Reached XP level 7. HP: 64/67 MP: 6/6
  2890 | D:4      | Reached skill level 5 in Maces & Flails
  3475 | D:5      | Entered Level 5 of the Dungeon
  3607 | D:5      | Found Cupni's Elemental Accessories.
  3685 | D:5      | Noticed Blork the orc
  3699 | D:5      | Killed Blork the orc
  3700 | D:5      | Reached skill level 6 in Maces & Flails
  3700 | D:5      | Reached XP level 8. HP: 69/78 MP: 7/7
  3753 | D:5      | Noticed Edmund
  3770 | D:5      | Killed Edmund
  3924 | D:5      | Got Aseth's Tome of the Voyage
  4122 | D:5      | Reached skill level 1 in Axes
  4308 | D:5      | Reached skill level 5 in Dodging
  4668 | D:6      | Noticed a two-headed ogre
  4678 | D:6      | Slain by a two-headed ogre

Illustrated notes

Levels and vault maps discovered:
D:1:      wheals_arrival_shading, layout_loops_ring,
          dreamdust_ecumenical_altar_grove, lemuel_old_faithful
D:2:      layout_loops_corners, minmay_close_crescents, uniq_sigmund
D:3:      layout_loops_cross, cheibrodos_sewer_entry_bend
D:4:      layout_cave_pools
D:5:      layout_basic, enter_ossuary_3, grunt_ministairs_11,
          minmay_misc_feat_roman, minmay_tree_intersection,
          nicolae_elemental_shop, uniq_blork_the_orc, uniq_edmund
D:6:      minmay_thinvault, layout_layer_cave, minmay_temple_entry_mini_moons,
          minmay_misc_feat_iff, minmay_mini_ossuary

Skill      XL: |  1  2  3  4  5  6  7  8 |
---------------+-------------------------+-----
Maces & Flails | 3 4 6 |  6.9
Fighting       | 3 4 |  4.6
Throwing       | 1 2 |  2.2
Dodging        | 3 4 5 |  5.1
Stealth        | 2 |  2.0
Axes           | 1 |  1.2

Action                   |  1- 3 |  4- 6 |  7- 9 || total
-------------------------+-------+-------+-------++-------
Melee: Mace              |    95 |   204 |   113 ||   412
       Punch             |       |     2 |       ||     2
       Whip              |       |       |    18 ||    18
       Flail             |       |       |    73 ||    73
       Hand axe          |       |       |    41 ||    41
Throw: Dart              |     4 |     5 |     3 ||    12
       Javelin           |    11 |     9 |     9 ||    29
       Stone             |       |     2 |     1 ||     3
 Stab: Sleeping          |     2 |     4 |       ||     6
Armor: Robe              |    36 |   118 |   118 ||   272
Dodge: Dodged            |    45 |   151 |   153 ||   349
